 Dungeon Crawl Stone Soup version 0.29.1-15-g9cfb28693d (webtiles) character file.

Game seed: 5076983992898913371

889 safid the Chiller (level 8, 0/63 HPs)
             Began as a Merfolk Ice Elementalist on Mar 2, 2023.
             Was a Follower of Vehumet.
             Slain by Duvessa
             ... wielding a +0 rapier
              (8 damage)
             ... on level 6 of the Dungeon.
             The game lasted 00:12:23 (5167 turns).

safid the Chiller (Merfolk Ice Elementalist)        Turns: 5167, Time: 00:12:24

Health: 0/63       AC: 11    Str: 14    XL:     8   Next: 6%
Magic:  7/15       EV: 12    Int: 16    God:    Vehumet [*.....]
Gold:   259        SH:  5    Dex: 15    Spells: 6/17 levels left

rFire   + . .      SeeInvis .   A - +6 trident of the Keeping Gods {vorpal, rC+}
rCold   + . .      Faith    .   (no shield)
rNeg    . . .      Spirit   .   a - +0 robe
rPois   .          Reflect  +   j - +0 helmet
rElec   .          Harm     .   (no cloak)
rCorr   .          Rampage  .   (no gloves)
Will    .....                   e - +0 pair of boots
Stlth   ++........              l - amulet of reflection
HPRegen 0.20/turn               m - ring of protection from fire
MPRegen 0.14/turn               F - +6 ring of strength

@: ice-armoured, freezing walls
A: (nimble swimmer 2), mertail
a: Renounce Religion


You were on level 6 of the Dungeon.
You worshipped Vehumet.
Vehumet was aware of your devotion.
You visited 1 branch of the dungeon, and saw 6 of its levels.

You collected 259 gold pieces.

Inventory:

Hand Weapons
 A - the +6 trident of the Keeping Gods (weapon) {vorpal, rC+}
   (You found it on level 3 of the Dungeon)

   It inflicts extra damage upon your enemies.
   rC:        It protects you from cold.
Missiles
 h - 3 boomerangs (quivered)
 w - a throwing net
 B - 8 poisoned darts
 D - 4 javelins
Armour
 a - a +0 robe (worn)
 e - a +0 pair of boots (worn)
 j - a +0 helmet (worn)
 I - the +1 chain mail "Virchit" {+Blink Str+3 SInv}
   (You found it on level 6 of the Dungeon)

   Str:       It affects your strength (+3).
   SInv:      It lets you see invisible.
   +Blink:    It lets you blink.
Jewellery
 l - an amulet of reflection (around neck)
 m - a ring of protection from fire (left hand)
 F - a +6 ring of strength (right hand)
Wands
 q - a wand of flame (18)
 y - a wand of acid (12)
 E - a wand of digging (7)
Scrolls
 c - 3 scrolls of identify {unknown}
 d - 5 scrolls of blinking {unknown}
 i - a scroll of enchant armour {unknown}
 p - 2 scrolls of vulnerability {unknown}
 r - 4 scrolls of teleportation {unknown}
 s - 2 scrolls of torment {unknown}
 v - a scroll of enchant weapon {unknown}
 x - a scroll of silence {unknown}
 G - a scroll of butterflies {unknown}
Potions
 b - a potion of magic
 f - 4 potions of brilliance {unknown}
 g - 3 potions of attraction {unknown}
 k - 2 potions of curing
 n - 2 potions of heal wounds {unknown}
 o - a potion of lignification {unknown}
 t - 3 potions of mutation {unknown}
 u - a potion of degeneration {unknown}
 z - a potion of berserk rage {unknown}
 C - a potion of flight {unknown}
 H - a potion of haste {unknown}


   Skills:
 + Level 5.4 Fighting
 - Level 2.6 Dodging
 - Level 2.1 Stealth
 + Level 5.0 Spellcasting
 + Level 7.1 Ice Magic


You had 6 spell levels left.
You knew the following spells:

 Your Spells              Type           Power      Damage    Failure   Level
a - Freeze                Ice            100%       1d11      1%          1
b - Frozen Ramparts       Ice            52%        1d8       2%          3
c - Ozocubu's Armour      Ice            26%        N/A       2%          3
d - Hailstorm             Conj/Ice       15%        3d5       34%         4

Your spell library contained the following spells:

 Spells                   Type           Power      Damage    Failure   Level
 Foxfire                  Conj/Fire      16%        2x1d4     16%         1
 Magic Dart               Conj           16%        1d3       16%         1
 Call Imp                 Summ           4%         N/A       22%         2
 Ice Form                 Ice/Tmut       15%        N/A       34%         4
 Summon Ice Beast         Ice/Summ       15%        N/A       34%         4
 Mephitic Cloud           Conj/Pois/Air  4%         N/A       41%         3
 Iskenderun's Battlesphe  Conj           4%         2d6       99%         5
 Iron Shot                Conj/Erth      2%         9d2       100%        6
 Spellforged Servitor     Conj/Summ      2%         N/A       100%        7


Dungeon Overview and Level Annotations

Branches:
Dungeon (6/15)             Temple (0/1) D:6

Altars:
Elyvilon
Fedhas
Nemelex Xobeh
Ru
Sif Muna
Vehumet

Shops:
D:1 =

Annotations:
D:2 1 runed translucent door, Crazy Yiuf
D:6 Duvessa


Innate Abilities, Weirdness & Mutations

((You are very nimble when in or above water. (Stealth+, EV+, Speed+++)))
Your lower body shifts to a powerful aquatic tail in water.


Message History

Dowan is severely wounded.
The wall freezes Dowan.
Dowan gestures at you while chanting. The puff of flame misses you.
The wall freezes Duvessa.
Duvessa hits you with a +0 rapier!
The wall freezes Duvessa but does no damage.
Duvessa hits you with a +0 rapier.
The wall freezes Dowan.
Dowan misses you.
Unknown command.
You hit Duvessa but do no damage.
Duvessa is moderately wounded.
The wall freezes Dowan.
You kill Dowan!
Vehumet accepts your kill.
Duvessa weeps, and shakes her weapon.
Duvessa goes berserk!
The wall freezes Duvessa.
Duvessa hits you with a +0 rapier!
Your Spellcasting skill increases to level 5!
Unknown command.
You hit Duvessa.
Duvessa is heavily wounded.
The wall freezes Duvessa.
Duvessa hits you with a +0 rapier!
The wall freezes Duvessa but does no damage.
Duvessa misses you.
Unknown command.
Unknown command.
You hit Duvessa but do no damage.
Duvessa is heavily wounded.
The frozen ramparts melt away.
Duvessa hits you with a +0 rapier!
* * * LOW HITPOINT WARNING * * *
Duvessa hits you with a +0 rapier.
* * * LOW HITPOINT WARNING * * *
Unknown command.
Okay, then.
Casting: Ozocubu's Armour (dangerous; 2% risk of failure)
Confirm with . or Enter, or press ? or * to list all spells.
Casting: Frozen Ramparts (dangerous; 2% risk of failure)
Press: ? - help, Dir - look around, f - activate The walls around you are covered in ice.
The wall freezes Duvessa.
Duvessa hits you with a +0 rapier!
You die...

##..............
##...............
#[.#.###.§§......#
#...##...§......#
##..........#####
#..#########
##.#####
#.....####
#####..@e##
####).## #...#
..e........#
..#####........
#...!....
.........
##.(..... .......


You could see Duvessa (berserk).

Vanquished Creatures
  Sigmund (D:2)
  A black bear (D:5)
  An ogre (D:5)
  Dowan (D:6)
  A hound (D:4)
  A jelly (D:5)
  3 orc priests
  Terence (D:2)
  2 iguanas
  4 orc wizards
  Robin (D:3)
  5 adders
  A white imp (D:6)
  An ufetubus (D:4)
  2 dart slugs
  16 orcs
  6 endoplasms
  4 giant cockroaches
  12 goblins
  13 hobgoblins
  5 quokkas
  7 ball pythons
  8 bats
  4 frilled lizards
  3 kobolds
  7 rats
111 creatures vanquished.

Vanquished Creatures (others)
  6 toadstools (D:6)
6 creatures vanquished.

Grand Total: 117 creatures vanquished

Notes
Turn   | Place    | Note
-------+----------+-------------------------------------------
     0 | D:1      | safid the Merfolk Ice Elementalist began the quest for the
                  | Orb.
     0 | D:1      | Reached XP level 1. HP: 13/13 MP: 3/3
   305 | D:1      | Reached XP level 2. HP: 17/20 MP: 1/5
   385 | D:1      | Reached skill level 1 in Fighting
   408 | D:1      | Found Dimelem's Jewellery Emporium.
   970 | D:2      | Reached XP level 3. HP: 25/26 MP: 6/6
  1052 | D:2      | Learned a level 3 spell: Frozen Ramparts
  1056 | D:2      | Learned a level 3 spell: Ozocubu's Armour
  1337 | D:2      | Found a faded altar of an unknown god.
  1337 | D:2      | Noticed a Brimstone Fiend
  1367 | D:2      | Reached skill level 5 in Ice Magic
  1367 | D:2      | Reached XP level 4. HP: 32/33 MP: 8/8
  1397 | D:2      | Found a runed translucent door.
  1398 | D:2      | Noticed Crazy Yiuf
  1428 | D:2      | Noticed Terence
  1439 | D:2      | Killed Terence
  1772 | D:2      | Noticed Sigmund
  1789 | D:2      | Killed Sigmund
  1790 | D:2      | Reached XP level 5. HP: 36/41 MP: 1/10
  1790 | D:2      | Reached XP level 6. HP: 42/47 MP: 1/11
  2524 | D:3      | Noticed Robin
  2538 | D:3      | Killed Robin
  2728 | D:3      | Reached skill level 6 in Ice Magic
  2927 | D:3      | Identified the +6 trident of the Keeping Gods {vorpal, rC+}
  3260 | D:4      | Found a radiant altar of Vehumet.
  3279 | D:4      | Became a worshipper of Vehumet
  3886 | D:5      | Entered Level 5 of the Dungeon
  3891 | D:5      | Reached XP level 7. HP: 55/55 MP: 6/13
  3978 | D:5      | Learned a level 4 spell: Hailstorm
  4174 | D:5      | Found a sacrificial altar of Ru.
  4483 | D:5      | Found a white marble altar of Elyvilon.
  4655 | D:5      | Found a shimmering blue altar of Sif Muna.
  4748 | D:5      | Found a sparkling altar of Nemelex Xobeh.
  4805 | D:5      | Reached skill level 5 in Fighting
  4915 | D:5      | Found a blossoming altar of Fedhas.
  4938 | D:6      | Noticed a steam dragon
  5007 | D:6      | Reached skill level 7 in Ice Magic
  5007 | D:6      | Reached * piety under Vehumet
  5007 | D:6      | Offered knowledge of Foxfire by Vehumet.
  5061 | D:6      | Reached XP level 8. HP: 50/62 MP: 15/15
  5130 | D:6      | Found a staircase to the Ecumenical Temple.
  5137 | D:6      | Identified the +1 chain mail "Virchit" {+Blink Str+3 SInv}
  5155 | D:6      | Noticed Duvessa
  5155 | D:6      | Noticed Dowan
  5164 | D:6      | Killed Dowan
  5165 | D:6      | Reached skill level 5 in Spellcasting
  5167 | D:6      | Slain by Duvessa

Illustrated notes

Levels and vault maps discovered:
D:1:      psy_arrival_dodecagon, layout_basic, serial_shops, nicolae_square_shop
D:2:      layout_loops_ring, dreamdust_ecumenical_altar_sealed_demon,
          uniq_sigmund, uniq_terence, uniq_crazy_yiuf_cottage
D:3:      layout_loops_cross, uniq_robin
D:4:      layout_basic, fiery_altar_vehumet, minivault_24
D:5:      layout_basic, mainiacjoe_overflow_alcove_4, elyvilon_altar_3,
          mainiacjoe_overflow_small_starburst, nemelex_diamond_rough_becter,
          lemuel_tele_altar, kennysheep_generic_room_13
D:6:      cheibrodos_fertilizer, layout_basic, nicolae_wu_jian_wuxing_cycle,
          nicolae_overflow_crystal_walls, trog_antimagical,
          minmay_temple_entry_purple_smoke, uniq_duvessa

Skill      XL: |  1  2  3  4  5  6  7  8 |
---------------+-------------------------+-----
Fighting       | 1 2 3 4 5 |  5.4
Ice Magic      | 5 6 7 |  7.1
Spellcasting   | 3 4 5 |  5.0
Dodging        | |  2.6
Stealth        | |  2.1

Action                   |  1- 3 |  4- 6 |  7- 9 || total
-------------------------+-------+-------+-------++-------
Melee: Trident           |    40 |    34 |    45 ||   119
       Unarmed           |     1 |       |       ||     1
       Dagger            |    35 |    55 |       ||    90
       Punch             |     2 |     2 |     1 ||     5
Throw: Boomerang         |       |    10 |       ||    10
 Cast: Freeze            |    21 |     3 |       ||    24
       Frozen Ramparts   |       |    11 |     9 ||    20
       Ozocubu's Armour  |       |     5 |     4 ||     9
  Use: Potion            |       |     2 |       ||     2
 Stab: Sleeping          |     7 |     4 |       ||    11
Armor: Robe              |    24 |    14 |    13 ||    51
Dodge: Dodged            |    46 |    39 |    21 ||   106
Block: Other             |    10 |    14 |     8 ||    32
